 Dungeon Crawl Stone Soup version 0.27-a0-417-g317cea8a3c (webtiles) character file.

Game seed: 9600663625033184933

1941 wampuh the Cleaver (level 8, -3/102 HPs)
             Began as a Minotaur Abyssal Knight on Feb 25, 2021.
             Was an Elder of Lugonu.
             Slain by an orc warrior
             ... wielding a +0 war axe
              (28 damage)
             ... in a bailey.
             The game lasted 00:12:39 (8329 turns).

wampuh the Cleaver (Minotaur Abyssal Knight)        Turns: 8329, Time: 00:12:39

Health: -3/102     AC: 24    Str: 19    XL:     8   Next: 98%
Magic:  0/12       EV:  2    Int:  9    God:    Lugonu [****..]
Gold:   96         SH:  0    Dex: 10    Spells: 7/7 levels left

rFire    . . .     SeeInvis .   z - +2 broad axe (vorpal)
rCold    . . .     Faith    .   (no shield)
rNeg     + + +     Spirit   +   (armour currently unavailable)
rPois    +         Reflect  .   (helmet currently unavailable)
rElec    .         Harm     .   (cloak currently unavailable)
rCorr    +         Rampage  .   (gloves currently unavailable)
Will     .....     NoTele   +   (boots currently unavailable)
Stlth    +.........             f - amulet of guardian spirit
HPRegen  0.27/turn              B - +4 ring of slaying
MPRegen  0.13/turn              v - ring of resist corrosion

@: tree-form
A: (retaliatory headbutt)
a: Renounce Religion, Depart the Abyss, Bend Space, Banish, Corrupt


You were in a bailey.
You worshipped Lugonu.
Lugonu was greatly pleased with you.
You were a tree.
You visited 1 branch of the dungeon, and saw 7 of its levels.
You visited the Abyss 1 time.
You also visited: Bailey.

You collected 330 gold pieces.
You spent 234 gold pieces at shops.

Inventory:

Hand Weapons
 z - a +2 vorpal broad axe (weapon)
Armour
 a - a +1 cloak of willpower (melded)
 A - a +0 chain mail (melded)
Jewellery
 f - an amulet of guardian spirit (around neck)
 v - a ring of resist corrosion (right branch)
 B - a +4 ring of slaying (left branch)
Wands
 b - a wand of iceblast (8)
 y - a wand of acid (11)
Scrolls
 e - a scroll of random uselessness
 h - 5 scrolls of teleportation
 i - 2 scrolls of immolation
 l - 2 scrolls of blinking
 s - a scroll of enchant weapon
 t - 3 scrolls of magic mapping
Potions
 c - 2 potions of invisibility {unknown}
 g - 2 potions of flight
 j - 2 potions of attraction
 k - 2 potions of degeneration {unknown}
 m - 2 potions of cancellation {unknown}
 n - a potion of ambrosia
 o - 5 potions of curing {unknown}
 p - 5 potions of brilliance
 q - 2 potions of resistance {unknown}
 u - a potion of experience {unknown}
 w - a potion of mutation {unknown}
 x - a potion of haste {unknown}


   Skills:
 - Level 5.0 Fighting
 + Level 8.9 Axes
 - Level 5.0 Armour
 - Level 5.0 Dodging
 * Level 6.7 Invocations


You had 7 spell levels left.
You didn't know any spells.
Your spell library was empty.

Dungeon Overview and Level Annotations

Branches:
Dungeon (7/15)             Temple (0/1) D:7          Bailey (1/1)

Altars:
Ashenzari
Cheibriados
Makhleb
Uskayaw
Yredelemnul

Shops:
D:4 *


Innate Abilities, Weirdness & Mutations

((You reflexively headbutt those who attack you in melee.))
((You have a pair of horns on your head.))


Message History

Lugonu accepts your kill.
The hobgoblin hits you but does no damage.
A hobgoblin comes into view. It is wielding a +0 hand axe.
Really quaff the potion of lignification?
You turn into a tree.
Your +1 cloak of willpower melds into your body.
Your +0 chain mail melds into your body.
You feel less strong-willed.
Your roots penetrate the ground.
The orc warrior hits you with a +0 war axe!
The orc knight hits you but does no damage.
The hobgoblin hits you but does no damage.
You slash the orc warrior!
You kill the orc warrior!
Lugonu accepts your kill.
You slash the orc knight! You hit the hobgoblin.
You kill the hobgoblin!
Lugonu accepts your kill.
The orc knight hits you with a +0 war axe!
* * * LOW HITPOINT WARNING * * *
An orc comes into view. It is wielding a +0 hand axe.
You closely miss the orc knight.
The orc knight is heavily wounded.
The orc knight hits you but does no damage.
You barely miss the orc knight.
The orc knight is heavily wounded.
You closely miss the orc warrior.
The orc shouts!
The orc knight hits you with a +0 war axe.
* * * LOW HITPOINT WARNING * * *
The orc warrior hits you but does no damage.
You slice the orc knight!!
The orc knight is almost dead.
You slash the hobgoblin!
You kill the hobgoblin!
Lugonu accepts your kill.
You hit the orc warrior but do no damage.
A goblin comes into view. It is wielding a +0 hand axe.
The orc knight barely misses you.
The orc warrior hits you with a +0 war axe!!
You die...

### ##8##
##.∩.##
#8^♣^8#
##)oo## ##g##
#∩..K≈)≈K..∩#
#'###≈o≈###+#
K≈)≈K ##≈.≈##


K≈g≈K #≈.≈# You could see an orc knight (corroded), an orc warrior (strong), an
orc (strong), a hobgoblin, a goblin and 4 kobolds.

Vanquished Creatures
  Prince Ribbit (D:6)
  Grinder (D:5)
  Menkaure (D:5)
  An ice beast (D:7)
  2 orc warriors (Bailey)
  An ogre (D:3)
  A phantom (D:7)
  A bullfrog (D:6)
  3 wights (D:7)
  4 howler monkeys
  2 centaur zombies
  2 hounds
  2 jellies
  A centaur skeleton (D:7)
  An orc priest (D:7)
  Crazy Yiuf (D:5)
  An iguana (D:3)
  3 worker ants
  4 gnolls (D:7)
  5 adders
  4 river rats (D:4)
  A shadow imp (D:7)
  An ooze (D:4)
  2 adder zombies
  4 worms
  3 dart slugs
  7 leopard geckos
  17 orcs
  2 ball pythons
  4 giant cockroaches
  9 goblins
  19 hobgoblins
  14 jackals
  4 quokkas
  7 bats
  5 frilled lizards
  A jackal zombie (D:7)
  8 kobolds
  A leopard gecko skeleton (D:6)
  9 rats
160 creatures vanquished.

Notes
Turn   | Place    | Note
-------+----------+-------------------------------------------
     0 | Abyss:1  | wampuh the Minotaur Abyssal Knight began the quest for the
                  | Orb.
     0 | Abyss:1  | Reached XP level 1. HP: 19/19 MP: 1/1
     0 | D:1      | Escaped the Abyss
   368 | D:1      | Reached XP level 2. HP: 27/27 MP: 2/2
   476 | D:1      | Reached * piety under Lugonu
   490 | D:1      | Reached XP level 3. HP: 17/33 MP: 3/3
   566 | D:1      | Reached skill level 3 in Axes
  1515 | D:2      | Reached ** piety under Lugonu
  1518 | D:2      | Reached XP level 4. HP: 40/40 MP: 4/4
  1645 | D:2      | Found a faded altar of an unknown god.
  2523 | D:3      | Found a snail-covered altar of Cheibriados.
  2629 | D:3      | Reached XP level 5. HP: 41/47 MP: 5/5
  2725 | D:3      | Noticed an ogre
  2835 | D:3      | Killed an ogre
  2836 | D:3      | Reached skill level 4 in Axes
  3108 | D:3      | Found a burning altar of Makhleb.
  3108 | D:3      | Noticed a green death
  3146 | D:3      | Reached skill level 5 in Fighting
  3538 | D:4      | Found Baxt's General Store.
  3641 | D:4      | Found a basalt altar of Yredelemnul.
  3676 | D:4      | Found a hide-covered altar of Uskayaw.
  3713 | D:4      | Reached XP level 6. HP: 27/56 MP: 2/6
  5055 | D:5      | Entered Level 5 of the Dungeon
  5064 | D:5      | Noticed Prince Ribbit
  5064 | D:5      | Noticed Menkaure
  5349 | D:5      | Noticed Grinder
  5530 | D:5      | Reached *** piety under Lugonu
  5544 | D:5      | Reached skill level 5 in Axes
  5806 | D:5      | Killed Grinder
  5807 | D:5      | Reached skill level 5 in Armour
  5807 | D:5      | Reached XP level 7. HP: 39/61 MP: 3/7
  6156 | D:5      | Killed Menkaure
  6157 | D:5      | Reached skill level 6 in Axes
  6157 | D:5      | Reached skill level 5 in Dodging
  6773 | D:4      | Bought a +2 vorpal broad axe for 234 gold pieces
  6869 | D:5      | Found a runed translucent door.
  6870 | D:5      | Noticed Crazy Yiuf
  6875 | D:5      | Killed Crazy Yiuf
  6957 | D:6      | Killed Prince Ribbit
  6958 | D:6      | Reached skill level 7 in Axes
  6958 | D:6      | Reached XP level 8. HP: 40/68 MP: 3/9
  7851 | D:7      | Found a staircase to the Ecumenical Temple.
  7858 | D:7      | Reached skill level 8 in Axes
  7861 | D:7      | Reached skill level 5 in Invocations
  7937 | D:7      | Found a broken altar of Ashenzari.
  8209 | D:7      | Reached **** piety under Lugonu
  8280 | D:7      | Found a flagged portal.
  8289 | Bailey   | Entered a bailey
  8317 | Bailey   | Noticed an orc knight
  8329 | Bailey   | Slain by an orc warrior

Illustrated notes

Levels and vault maps discovered:
D:1:      scummos_arrival_checkerplants, layout_rooms
D:2:      layout_basic, chequers_ecumenical_altar_twisty, bh_walls_and_bars
D:3:      layout_basic, cheibriados_altar_1, makhleb_altar_promises_db
D:4:      layout_cave_pods, eat_drink_and_be_merry_uskayaw,
          lemuel_crystal_altar, lightli_sewer_entry_pipes, serial_forest,
          infiniplex_forest_lined_4_way, infiniplex_forest_lined_ring,
          infiniplex_forest_straight_2, infiniplex_forest_lined_ring,
          serial_shops, nicolae_shop_stone
D:5:      layout_rooms, uniq_prince_ribbit1, uniq_grinder,
          uniq_crazy_yiuf_cottage, uniq_menkaure
D:6:      layout_basic, kennysheep_generic_room_5
D:7:      layout_loops_corners, evilmike_ruin_ashenzari, marbit_many_paths,
          temple_fountains, enter_bailey_2
Bailey:   bailey_axe_1, bailey

Skill      XL: |  1  2  3  4  5  6  7  8 |
---------------+-------------------------+-----
Invocations    | 2 3 6 |  6.7
Fighting       | 4 5 |  5.0
Axes           | 3 4 5 7 8 |  8.9
Armour         | 3 4 5 |  5.0
Dodging        | 2 3 4 5 |  5.0

Action                   |  1- 3 |  4- 6 |  7- 9 || total
-------------------------+-------+-------+-------++-------
Melee: Hand axe          |    92 |   170 |    26 ||   288
       Headbutt          |    12 |    23 |    18 ||    53
       Broad axe         |       |       |   111 ||   111
Invok: Depart the Abyss  |     1 |       |       ||     1
       Bend Space        |       |     1 |       ||     1
Evoke: Wand              |       |       |     1 ||     1
  Use: Scroll            |       |       |    11 ||    11
       Potion            |       |       |     1 ||     1
Armor: Leather armour    |    33 |    24 |    10 ||    67
       Chain mail        |       |       |    44 ||    44
       Skin              |       |       |     4 ||     4
Dodge: Dodged            |    61 |   111 |    80 ||   252

Table legend: (Time is in decaauts)
 A = Elapsed time spent in this place.
 B = Non-inter-level travel time spent in this place.
 C = Inter-level travel time spent in this place.
 D = Time resting spent in this place.
 E = Time spent auto-exploring this place.
 F = Levels seen in this place.
 G = Mean time per level.
                   A        B        C        D        E       F      G
               +--------+--------+--------+--------+--------+-----+--------+
         Total |   8421 |   7935 |    486 |   2416 |   4198 |   9 |  935.7 |
       Dungeon |   8380 |   7894 |    486 |   2416 |   4198 |   7 | 1197.1 |
         Abyss |      0 |      0 |      0 |      0 |      0 |   1 |    0.0 |
        Bailey |     41 |     41 |      0 |      0 |      0 |   1 |   41.0 |
               +--------+--------+--------+--------+--------+-----+--------+

Top non-repeatable levels by time:
     D:4: 2154 daAuts
     D:5: 1340 daAuts
     D:3: 1246 daAuts
     D:2: 1167 daAuts
     D:1: 1102 daAuts
     D:6: 919 daAuts
     D:7: 448 daAuts
  Bailey: 41 daAuts
